Map: Oxide LE

Players

DreadBot

  • Race: Terran Terran
  • League: Silver

Throwfordays - Winner!

  • Race: Zerg Zerg
  • League: Gold

VOD

Have the link to the VOD?

Description

Time

  • Played on: June 18, 2021, 3:57 p.m.
  • Length: 7:50
Show
View Real Time Build Order
Export as new Build Order

DreadBot Terran 

Build Orders:  

Get SALT Encoding   

  12  0:01  SCV  
  13  0:14  SCV  
  14  0:20  Supply Depot  
  14  0:26  SCV  
  15  0:41  SCV  
  16  0:43  Barracks  
  16  0:47  Refinery  
  16  0:54  SCV  
  17  1:07  SCV  
  18  1:19  SCV  
  19  1:32  Orbital Command  
  19  1:42  Command Center  
  19  2:02  SCV  
  20  2:09  Barracks Reactor  
  20  2:14  Supply Depot  
  20  2:15  SCV  
  21  2:23  Barracks  
  21  2:35  SCV  
  22  2:46  Marine  
  22  2:47  Marine  
  22  2:48  SCV  
  25  2:54  Barracks  
  25  2:56  Orbital Command  
  25  3:03  Supply Depot  
  25  3:05  SCV  
  26  3:07  Marine x2  
  28  3:13  Barracks Tech Lab  
  28  3:24  Barracks  
  28  3:25  SCV  
  28  3:26  SCV  
  30  3:33  Marine x2, Supply Depot  
  32  3:34  Combat Shield  
  32  3:36  Marine  
  33  3:42  Refinery  
  33  3:46  Engineering Bay  
  33  3:47  Barracks Reactor  
  33  4:04  Marine x3  
  36  4:13  Supply Depot  
  36  4:17  Supply Depot  
  36  4:21  Marine  
  36  4:22  Marine x3  
  40  4:31  SCV x2  
  40  4:36  Terran Infantry Weapons Level 1  
  42  4:39  Marine  
  42  4:40  Marine  
  44  4:45  Command Center  
  44  4:57  Barracks Reactor  
  44  4:58  Marine x4  
  48  5:08  SCV  
  48  5:09  Supply Depot  
  48  5:13  Marine  
  50  5:16  Marine  
  51  5:34  Stimpack  
  51  5:40  Supply Depot  
  51  5:41  Marine x2  
  51  5:42  Marine x4  
  56  5:44  Marauder  
  59  5:50  SCV  
  59  5:51  SCV  
  61  6:03  Marine  
  61  6:04  Marine x3  
  63  6:05  Marine x2  
  63  6:11  Supply Depot x2  
  67  6:21  SCV  
  67  6:22  SCV  
  63  6:25  Refinery  
  63  6:32  Marine x6  
  39  6:33  Marine  
  34  6:49  Marine  
  34  6:50  Marine x3  
  38  6:55  Marine x3  
  41  7:07  Marine x2  
  42  7:17  Marine x2  
  42  7:18  Marine  
Show
View Real Time Build Order
Export as new Build Order

Throwfordays Zerg - Winner!

Build Orders: Hatch First 

Get SALT Encoding   

  12  0:01  Drone  
  13  0:10  Drone  
  14  0:16  Overlord  
  14  0:42  Hatchery  
  13  0:45  Drone  
  14  0:51  Drone  
  14  0:54  Drone  
  16  1:06  Extractor  
  16  1:07  Drone  
  16  1:13  Spawning Pool  
  16  1:17  Drone  
  16  1:21  Drone  
  17  1:33  Drone  
  18  1:40  Drone  
  19  1:50  Overlord  
  19  1:54  Drone  
  20  2:01  Queen  
  20  2:06  Zergling x2  
  23  2:08  Metabolic Boost  
  23  2:12  Overlord  
  23  2:15  Drone  
  24  2:16  Drone  
  25  2:44  Zergling x6  
  25  2:46  Drone x2  
  30  2:51  Queen  
  32  2:59  Extractor  
  32  3:00  Drone  
  32  3:12  Baneling Nest, Drone  
  32  3:15  Drone x3  
  32  3:19  Drone x3  
  38  3:23  Overlord  
  38  3:38  Zergling x2  
  39  3:45  Lair  
  39  3:47  Zergling x4  
  41  4:00  Baneling x3  
  41  4:01  Baneling x3  
  41  4:05  Drone  
  41  4:06  Drone x2  
  41  4:09  Zergling x4  
  46  4:12  Drone x3  
  46  4:15  Overlord x3  
  49  4:20  Zergling x2  
  50  4:30  Zergling x2  
  51  4:42  Zergling x4  
  51  4:44  Centrifical Hooks  
  53  4:47  Zergling x4  
  55  5:03  Zergling x6  
  55  5:06  Zergling x6  
  61  5:34  Baneling x5  
  61  5:35  Baneling x5  
  61  5:41  Zergling x6  
  64  5:43  Zergling x4  
  64  5:44  Zergling x8  
  70  5:53  Overlord  
  70  5:55  Overlord  
  59  6:40  Baneling  
  59  6:41  Baneling x5  
  59  6:44  Baneling x5  
  59  6:47  Zergling x4  
  59  6:48  Zergling x4  
  59  6:51  Zergling x8  
  62  7:14  Baneling x4  
  62  7:15  Baneling x9  
  59  7:20  Extractor  
  59  7:21  Extractor, Drone  
  59  7:22  Drone  
Tags
 
Matchup
TvZ
Replay Pack
Multiplayer
Add a new tag
Caveats
  • Supply blocks, unpowered buildings, or Contaminate may cause inaccurate times.
  • Supply counts are checked every 10 seconds.